 Dungeon Crawl Stone Soup version 0.29-a0-659-g28b9d68c38 (webtiles) character file.

Game seed: 8766503523322409405

1824 Essalna the Chiller (level 8, 0/67 HPs)
             Began as a Demonspawn Ice Elementalist on June 22, 2022.
             Was an Initiate of Vehumet.
             Slain by an ice beast (7 damage)
             ... on level 6 of the Dungeon.
             The game lasted 00:11:19 (5468 turns).

Essalna the Chiller (Demonspawn Ice Elementalist)   Turns: 5468, Time: 00:11:20

Health: 0/67       AC: 15    Str:  8    XL:     8   Next: 86%
Magic:  10/17      EV: 12    Int: 26    God:    Vehumet [......]
Gold:   285        SH:  0    Dex: 13    Spells: 13/20 levels left

rFire   . . .      SeeInvis .   u - +2 whip (vamp)
rCold   . . .      Faith    .   (no shield)
rNeg    . . .      Spirit   .   l - +1 robe "Liacel" {Will+ Int+6}
rPois   .          Reflect  .   (no helmet)
rElec   .          Harm     .   i - +0 cloak
rCorr   .          Rampage  .   (no gloves)
Will    +....                   r - +0 pair of boots
Stlth   ++........              (no amulet)
HPRegen 0.21/turn               (no ring)
MPRegen 0.15/turn               (no ring)

@: ice-armoured, freezing walls
A: rugged brown scales 2, powered by death 2, demonic touch 1
a: Renounce Religion


You were on level 6 of the Dungeon.
You worshipped Vehumet.
Vehumet was noncommittal.
You visited 2 branches of the dungeon, and saw 7 of its levels.

You collected 315 gold pieces.
You spent 30 gold pieces at shops.

Inventory:

Hand Weapons
 o - a +0 vampiric falchion
 u - a +2 vampiric whip (weapon)
Armour
 a - a +0 robe
 i - a +0 cloak (worn)
 j - a +2 pair of boots
 l - the +1 robe "Liacel" (worn) {Will+ Int+6}
   (You found it on level 3 of the Dungeon)

   Int:       It affects your intelligence (+6).
   Will:      It increases your willpower.
 r - a +0 pair of boots (worn)
 x - a +0 robe of fire resistance
Jewellery
 k - a +4 ring of evasion
Scrolls
 c - 2 scrolls of magic mapping
 e - a scroll of poison {unknown}
 f - 2 scrolls of teleportation {unknown}
 h - 3 scrolls of identify {unknown}
 m - a scroll of vulnerability {unknown}
 q - a scroll of fog {unknown}
 s - a scroll of blinking {unknown}
 y - a scroll of summoning {unknown}
Potions
 b - a potion of magic
 g - 2 potions of flight {unknown}
 n - a potion of lignification {unknown}
 p - 4 potions of curing
 t - a potion of berserk rage {unknown}
 v - a potion of heal wounds {unknown}
 w - 2 potions of haste {unknown}
 z - a potion of brilliance {unknown}
 A - a potion of degeneration {unknown}


   Skills:
 + Level 6.1 Fighting
 - Level 1.7 Dodging
 - Level 1.7 Stealth
 + Level 6.5 Spellcasting
 + Level 7.2 Ice Magic


You had 13 spell levels left.
You knew the following spells:

 Your Spells              Type           Power      Damage    Failure   Level
a - Freeze                Ice            100%       1d11      1%          1
b - Ozocubu's Armour      Ice            46%        N/A       1%          3
c - Frozen Ramparts       Ice            92%        1d11      1%          3

Your spell library contained the following spells:

 Spells                   Type           Power      Damage    Failure   Level
 Sting                    Tmut/Pois      32%        1d4       7%          1
 Poisonous Vapours        Pois/Air       16%        N/A       10%         2
 Hailstorm                Conj/Ice       27%        3d7       14%         4
 Inner Flame              Hex/Fire       8%         N/A       21%         3
 Mephitic Cloud           Conj/Pois/Air  8%         N/A       21%         3
 Spider Form              Tmut/Pois      8%         N/A       21%         3
 Corpse Rot               Necr/Pois/Air  8%         N/A       54%         4
 Olgreb's Toxic Radiance  Pois           8%         N/A       54%         4


Dungeon Overview and Level Annotations

Branches:
Dungeon (6/15)             Temple (1/1) D:6

Altars:
Cheibriados
Dithmenos
Elyvilon
Gozag
Hepliaklqana
Kikubaaqudgha
Makhleb
Okawaru
Qazlal
Ru
Trog
Uskayaw
Vehumet
Wu Jian
Xom
Yredelemnul
Zin
The Shining One

Shops:
D:3 !

Annotations:
D:5 1 runed translucent door


Innate Abilities, Weirdness & Mutations

You are mostly covered in rugged brown scales. (AC +2, +5% HP)
You regenerate health from kills.
Your touch may inflict minor irresistible damage on your foes.


Message History

Reactivating autopickup.
As you read the scroll labelled YCRETZYASU, it crumbles to dust.
You feel aware of your surroundings.
You sensed 1 altar.
It was a scroll of magic mapping.
The ice beast completely resists.
The wall freezes the ice beast but does no damage.
The ice beast closely misses you.
The shadow completely resists.
The wall freezes the shadow but does no damage.
The shadow hits you.
* * * LOW HITPOINT WARNING * * *
The shadow completely resists.
The wall freezes the shadow but does no damage.
The shadow slips into darkness.
The shadow flickers and vanishes!
Deactivating autopickup; reactivate with Ctrl-A.
As you read the scroll labelled JERGHOMN KADESH, it crumbles to dust.
It is a scroll of amnesia.
Really abort (and waste the scroll)? [Y]es or [N]o only, please.
Really abort (and waste the scroll)? [Y]es or [N]o only, please.
Really abort (and waste the scroll)?
Okay, then.
The sentinel's mark upon you fades away.
The ice beast completely resists.
The wall freezes the ice beast but does no damage.
The ice beast hits you but does no damage.
The shadow completely resists.
The wall freezes the shadow but does no damage.
The shadow hits you.
The wall freezes something but does no damage.
The shadow strikes at you from the darkness!
* * * LOW HITPOINT WARNING * * *
Reactivating autopickup.
Okay, then.
You feel better.
The ice beast completely resists.
The wall freezes the ice beast but does no damage.
The ice beast hits you.
* * * LOW HITPOINT WARNING * * *
The ice beast freezes you!
You die...

.......##
#.........,,,,,,**
.....P..#
##....#####**,,,,*
P)).....# #...###
**,,,* ........#
#...# **,,*
........# #..##
*,,* P.......#
#..# *,,*
......P.# #..#
*,** ........#
#YW# *,* .......##
#W@# *,* ##..####
#..# *,** ,,,,*
#..# *,,* **,,*
*#..# *,,** *,>*
*$.## **,,* *,,*
*#.#* ***, *,,*
*.#* ** *,** *#.*
*** *.#*


You could see an ice beast and 2 shadows.

Vanquished Creatures
  A vampire mosquito (D:6)
  Duvessa (D:5)
  The ghost of Smoky173 the Skirmisher, an amateur DsGl (D:3)
  A sky beast (D:6)
  2 ogres
  A kobold brigand (D:6)
  8 scorpions (D:5)
  Dowan (D:5)
  2 vampire bats (D:3)
  2 howler monkeys
  4 hounds
  An orc priest (D:6)
  2 gnoll shamans
  An iguana (D:5)
  Terence (D:2)
  An orc wizard (D:6)
  7 gnolls
  3 adders
  An ufetubus (D:4)
  2 worms (D:2)
  5 orcs
  8 ball pythons
  11 endoplasms
  9 giant cockroaches
  13 goblins
  9 hobgoblins
  5 jackals (D:4)
  9 kobolds
  4 quokkas
  8 bats
  7 frilled lizards
  7 rats
  A butterfly (D:5)
139 creatures vanquished.

Vanquished Creatures (others)
  18 plants (D:6)
  2 withered plants (D:3)
20 creatures vanquished.

Grand Total: 159 creatures vanquished

Notes
Turn   | Place    | Note
-------+----------+-------------------------------------------
     0 | D:1      | Essalna the Demonspawn Ice Elementalist began the quest for
                  | the Orb.
     0 | D:1      | Reached XP level 1. HP: 13/13 MP: 3/3
   241 | D:1      | Gained mutation: You regenerate a little health from kills.
                  | [demonic ancestry]
   241 | D:1      | Reached XP level 2. HP: 19/19 MP: 1/5
   636 | D:1      | Reached skill level 4 in Ice Magic
   728 | D:1      | Found a faded altar of an unknown god.
  1095 | D:1      | Got Sif Muna's Disquisition on Ignition and Envenoming
  1200 | D:2      | Gained mutation: You are partially covered in rugged brown
                  | scales. (AC +1, +3% HP) [demonic ancestry]
  1200 | D:2      | Reached XP level 3. HP: 19/24 MP: 5/7
  1674 | D:2      | Noticed Terence
  1769 | D:3      | Learned a level 3 spell: Ozocubu's Armour
  1773 | D:3      | Learned a level 3 spell: Frozen Ramparts
  1812 | D:3      | Found a hazy altar of Hepliaklqana.
  1923 | D:3      | Identified the +1 robe "Liacel" {Will+ Int+6}
  1990 | D:3      | Reached skill level 1 in Fighting
  1990 | D:3      | Gained mutation: You regenerate health from kills. [demonic
                  | ancestry]
  1990 | D:3      | Reached XP level 4. HP: 32/32 MP: 5/8
  2040 | D:3      | Reached XP level 5. HP: 38/38 MP: 6/10
  2635 | D:2      | Killed Terence
  2777 | D:3      | Found a runed translucent door.
  2779 | D:3      | Noticed Smoky173's ghost (amateur DsGl)
  2893 | D:3      | Found Etrar's Distillery.
  2903 | D:3      | Bought a potion of curing for 30 gold pieces
  3147 | D:3      | Killed Smoky173's ghost
  3148 | D:3      | Reached skill level 5 in Ice Magic
  3148 | D:3      | Gained mutation: Your touch may inflict minor irresistible
                  | damage on your foes. [demonic ancestry]
  3148 | D:3      | Reached XP level 6. HP: 43/47 MP: 5/11
  3890 | D:5      | Entered Level 5 of the Dungeon
  4036 | D:5      | Found a runed translucent door.
  4038 | D:5      | Found a runed translucent door.
  4044 | D:5      | Reached XP level 7. HP: 53/53 MP: 6/13
  4049 | D:5      | Reached skill level 5 in Spellcasting
  4050 | D:5      | Reached skill level 6 in Ice Magic
  4125 | D:5      | Noticed Duvessa
  4125 | D:5      | Noticed Dowan
  4133 | D:5      | Killed Duvessa
  4134 | D:5      | Gained mutation: You are mostly covered in rugged brown
                  | scales. (AC +2, +5% HP) [demonic ancestry]
  4134 | D:5      | Reached XP level 8. HP: 56/64 MP: 8/16
  4152 | D:5      | Killed Dowan
  4482 | D:5      | Reached skill level 5 in Fighting
  4846 | D:6      | Found a staircase to the Ecumenical Temple.
  4864 | Temple   | Entered the Ecumenical Temple
  5217 | Temple   | Became a worshipper of Vehumet
  5289 | D:6      | Reached skill level 7 in Ice Magic
  5304 | D:6      | Found an ornate altar of the Wu Jian Council.
  5467 | D:6      | HP: 1/67 [something (16)]
  5468 | D:6      | Slain by an ice beast

Illustrated notes

Levels and vault maps discovered:
D:1:      minmay_arrival_arboretum_small, layout_loops_ring,
          shapermc_ecumenical_altar_mp_ritualfount, minivault_5
D:2:      layout_loops_ring, roderic_roman_lattice, uniq_terence
D:3:      layout_basic, old_standard_altar, serial_shops, nicolae_shop_stone,
          gammafunk_ghost_grave, roderic_batcave
D:4:      layout_loops_ring
D:5:      lemuel_insect_pit, layout_basic, minmay_ogre_servants, uniq_duvessa
D:6:      minmay_cornered_nines, layout_layer_cave, fedhas_ov_isle_minmay,
          mainiacjoe_overflow_alcove_1, minmay_temple_entry_water_ring,
          ebering_ghost_reflecting_pool, nicolae_grassy_gnolls,
          uniq_blork_the_orc
Temple:   hc_temple_tempest_star

Skill      XL: |  1  2  3  4  5  6  7  8 |
---------------+-------------------------+-----
Ice Magic      | 4 5 6 7 |  7.2
Spellcasting   | 3 4 5 6 |  6.5
Fighting       | 1 2 3 4 6 |  6.1
Dodging        | |  1.7
Stealth        | |  1.7

Action                   |  1- 3 |  4- 6 |  7- 9 || total
-------------------------+-------+-------+-------++-------
Melee: Unarmed           |    15 |     2 |       ||    17
       Falchion          |       |    49 |       ||    49
       Whip              |       |    53 |    96 ||   149
       Touch             |       |    11 |    19 ||    30
       Punch             |       |     1 |     1 ||     2
 Cast: Freeze            |    65 |    20 |     7 ||    92
       Frozen Ramparts   |       |     6 |    13 ||    19
       Ozocubu's Armour  |       |     4 |     6 ||    10
  Use: Scroll            |       |       |     2 ||     2
       Potion            |       |       |     1 ||     1
 Stab: Sleeping          |       |     2 |       ||     2
Armor: Robe              |    27 |    55 |    41 ||   123
Dodge: Dodged            |    37 |   105 |    71 ||   213

Table legend: (Time is in decaauts)
 A = Elapsed time spent in this place.
 B = Non-inter-level travel time spent in this place.
 C = Inter-level travel time spent in this place.
 D = Time resting spent in this place.
 E = Time spent auto-exploring this place.
 F = Levels seen in this place.
 G = Mean time per level.
                   A        B        C        D        E       F      G
               +--------+--------+--------+--------+--------+-----+--------+
         Total |   5499 |   5384 |    115 |      0 |   4331 |   7 |  785.6 |
       Dungeon |   5127 |   5027 |    100 |      0 |   4011 |   6 |  854.5 |
        Temple |    372 |    357 |     15 |      0 |    319 |   1 |  372.0 |
               +--------+--------+--------+--------+--------+-----+--------+

Top non-repeatable levels by time:
     D:1: 1188 daAuts
     D:2: 1058 daAuts
     D:3: 967 daAuts
     D:5: 925 daAuts
     D:4: 694 daAuts
  Temple: 372 daAuts
     D:6: 294 daAuts
